Map: 10000 Feet LE

Players

Lambo - Winner!

  • Race: Zerg Zerg
  • League: Grandmaster
  • Spawn Location: 11:00

AMOVEANIMAL

  • Race: Protoss Protoss
  • League: Master
  • Spawn Location: 5:00

VOD

Have the link to the VOD?

Description

Time

  • Played on: March 24, 2026, 10:22 a.m.
  • Length: 13:01
Show
View Real Time Build Order
Export as new Build Order

Lambo Zerg - Winner!

Build Orders: Hatch First, Lurkers, Roach Hydra, Swarm Host 

Get SALT Encoding   

  12  0:00  Drone  
  13  0:08  Drone  
  14  0:14  Extractor  
  14  0:15  Drone  
  15  0:21  Overlord  
  15  0:40  Drone  
  16  0:45  Hatchery  
  16  0:49  Drone  
  16  0:52  Drone  
  16  0:56  Drone  
  18  1:06  Extractor  
  18  1:11  Spawning Pool  
  16  1:14  Drone  
  16  1:17  Drone  
  18  1:26  Drone  
  19  1:37  Drone  
  20  1:49  Drone  
  21  1:57  Queen x2  
  21  1:58  Zergling x2  
  21  1:59  Overlord  
  26  2:09  Overlord  
  26  2:10  Drone  
  26  2:15  Metabolic Boost  
  27  2:19  Drone  
  27  2:21  Drone  
  29  2:29  Drone  
  30  2:32  Drone  
  31  2:40  Hatchery  
  31  2:41  Drone  
  31  2:43  Drone  
  32  2:50  Queen  
  34  2:54  Drone  
  34  2:56  Drone  
  36  3:01  Drone  
  36  3:03  Overlord  
  37  3:06  Drone x2  
  37  3:07  Drone  
  37  3:09  Drone  
  37  3:11  Drone  
  42  3:13  Drone  
  42  3:16  Drone  
  44  3:22  Queen  
  44  3:27  Spore Crawler  
  45  3:29  Drone x3  
  48  3:35  Queen  
  48  3:39  Spore Crawler  
  48  3:41  Overlord  
  49  3:43  Drone  
  49  3:47  Overlord  
  50  3:48  Drone  
  50  3:51  Drone  
  50  3:53  Drone x2  
  54  3:56  Overlord  
  54  3:59  Zergling x2  
  55  4:03  Overlord  
  55  4:06  Drone x4  
  59  4:12  Spore Crawler  
  59  4:13  Evolution Chamber  
  59  4:14  Spore Crawler  
  59  4:15  Drone  
  59  4:17  Evolution Chamber  
  56  4:21  Drone x4  
  64  4:25  Lair  
  64  4:27  Overlord, Extractor  
  64  4:28  Zergling x4  
  65  4:31  Drone x3  
  65  4:37  Roach Warren  
  65  4:38  Drone x2  
  69  4:41  Drone  
  69  4:42  Drone x3  
  69  4:44  Extractor  
  69  4:45  Extractor  
  71  4:46  Spore Crawler  
  71  4:51  Zergling x4  
  72  4:54  Drone x4  
  72  4:59  Drone  
  74  5:02  Drone x3  
  74  5:03  Drone  
  74  5:05  Extractor, Drone  
  78  5:07  Extractor  
  78  5:12  Drone x4  
  78  5:15  Drone  
  78  5:19  Drone  
  80  5:26  Drone x2  
  80  5:28  Hatchery  
  81  5:29  Overlord, Infestation Pit  
  81  5:30  Overseer  
  81  5:33  Drone  
  81  5:35  Glial Reconstitution  
  81  5:38  Drone, Evolution Chamber  
  81  5:39  Roach x6  
  93  5:44  Queen  
  93  5:47  Roach  
  105  5:57  Overlord x2  
  105  6:00  Overlord  
  105  6:04  Overlord, Extractor  
  105  6:05  Zerg Missile Weapons Level 1, Overlord  
  96  6:13  Swarm Host  
  96  6:14  Swarm Host x2  
  96  6:15  Overlord  
  96  6:17  Swarm Host x4  
  116  6:23  Drone x2  
  116  6:24  Drone  
  119  6:25  Swarm Host x2  
  119  6:30  Swarm Host  
  128  6:34  Swarm Host  
  128  6:37  Swarm Host  
  134  6:40  Roach  
  134  6:41  Overlord x2  
  134  6:43  Drone  
  134  6:46  Spine Crawler  
  136  6:48  Swarm Host x2  
  136  6:50  Roach  
  136  6:54  Queen  
  144  7:01  Roach x6  
  158  7:05  Roach x3  
  164  7:11  Roach  
  164  7:12  Roach x2  
  170  7:15  Overlord  
  170  7:19  Roach x2  
  170  7:20  Overlord  
  174  7:23  Overlord  
  174  7:24  Drone  
  174  7:25  Overlord  
  174  7:27  Overlord  
  175  7:47  Roach x13  
  199  7:57  Ravager  
  200  8:04  Spire  
  199  8:06  Hydralisk Den  
  196  8:13  Ravager x3  
  196  8:14  Zerg Missile Weapons Level 2  
  199  8:24  Extractor  
  199  8:25  Ravager  
  189  8:35  Roach x5  
  189  8:39  Hive  
  189  8:40  Lurker Den  
  198  8:42  Ravager  
  198  8:48  Hydralisk x2  
  184  8:57  Grooved Spines  
  184  9:00  Hydralisk x8  
  186  9:14  Hydralisk x6, Zergling x2  
  186  9:15  Zergling x14  
  182  9:20  Pneumatized Carapace  
  173  9:32  Hydralisk x6  
  173  9:37  Drone x7  
  192  9:48  Muscular Augments  
  192  9:53  Seismic Spines  
  192  9:55  Lurker x2  
  192  9:56  Lurker  
  194  10:01  Zergling x10  
  199  10:13  Hydralisk x6  
  195  10:25  Queen  
  194  10:33  Lurker x4  
  198  10:38  Spine Crawler  
  198  10:39  Spine Crawler  
  194  10:43  Overseer x2  
  194  10:44  Spine Crawler  
  191  10:56  Hatchery  
  183  11:06  Hydralisk x8  
  195  11:30  Spire  
  191  11:34  Zergling x16  
  193  11:45  Zergling x26  
  195  11:54  Lurker x2  
  195  11:56  Unknown  
  180  12:10  Hydralisk  
  180  12:11  Hydralisk x9  
  180  12:15  Lurker x2  
  186  12:17  Drone x2  
  186  12:20  Hydralisk x5  
  198  12:25  Overseer  
  195  12:33  Drone x4  
  195  12:36  Extractor x2  
Show
View Real Time Build Order
Export as new Build Order

AMOVEANIMAL Protoss 

Build Orders: 1 Gate Expand, Oracle Opening, Archon Immortal 

Get SALT Encoding   

  12  0:01  Probe  
  13  0:13  Probe  
  14  0:22  Pylon  
  14  0:25  Probe  
  14  0:27  Assimilator  
  15  0:36  Probe  
  16  0:43  Gateway  
  16  0:44  Probe  
  17  0:54  Probe  
  18  1:07  Probe  
  19  1:19  Probe  
  19  1:23  Nexus  
  20  1:32  Cybernetics Core  
  20  1:36  Probe  
  21  1:42  Assimilator  
  21  1:48  Probe  
  21  1:51  Pylon  
  22  2:00  Probe  
  23  2:10  Probe, Adept  
  26  2:16  Stargate  
  26  2:18  Probe  
  26  2:20  Warp Gate  
  27  2:26  Probe  
  27  2:32  Probe  
  29  2:39  Probe  
  29  2:40  Probe  
  30  2:50  Probe, Oracle  
  30  2:51  Probe  
  35  3:02  Probe  
  35  3:03  Probe  
  38  3:12  Nexus  
  38  3:14  Probe  
  38  3:15  Probe  
  38  3:19  Oracle  
  40  3:23  Pylon  
  40  3:26  Probe  
  41  3:27  Probe  
  45  3:37  Gateway  
  45  3:38  Probe  
  46  3:41  Probe  
  46  3:47  Oracle  
  47  3:50  Probe  
  47  3:54  Probe  
  49  3:58  Pylon  
  49  3:59  Assimilator  
  49  4:01  Assimilator  
  49  4:02  Probe  
  53  4:06  Probe, Pylon  
  54  4:16  Probe  
  55  4:18  Probe  
  56  4:26  Twilight Council  
  56  4:27  Forge, Probe  
  56  4:28  Probe, Robotics Facility  
  56  4:29  Probe  
  59  4:33  Adept  
  59  4:35  Zealot  
  59  4:36  Probe  
  59  4:37  Probe x2  
  63  4:44  Probe  
  63  4:45  Probe x2  
  69  4:54  Probe  
  69  4:55  Probe  
  71  5:06  Probe x2  
  73  5:07  Probe  
  73  5:11  Observer  
  73  5:12  Pylon  
  73  5:13  Shield Battery  
  74  5:14  Protoss Ground Weapons Level 1, Charge  
  74  5:15  Stalker  
  74  5:17  Assimilator  
  74  5:18  Probe x2  
  74  5:19  Probe  
  74  5:20  Templar Archives  
  80  5:21  Assimilator  
  80  5:25  Gateway  
  80  5:27  Gateway  
  80  5:30  Pylon, Probe x2  
  80  5:32  Probe  
  80  5:34  Immortal  
  87  5:42  Probe x2  
  88  5:43  Psionic Storm  
  88  5:49  Probe  
  90  5:53  Pylon  
  90  5:54  Probe  
  90  5:55  Probe  
  92  6:01  Gateway x2  
  92  6:02  Gateway  
  92  6:03  Gateway  
  92  6:05  Immortal, High Templar x2  
  96  6:15  Photon Cannon  
  96  6:17  Pylon  
  100  6:24  Nexus  
  100  6:28  High Templar  
  100  6:29  High Templar  
  100  6:30  Pylon  
  100  6:31  Probe x2  
  100  6:32  Probe  
  107  6:34  Immortal  
  107  6:36  Robotics Facility  
  107  6:45  Zealot  
  107  6:46  Zealot  
  115  6:52  Photon Cannon  
  115  6:55  Photon Cannon x2  
  114  7:10  High Templar x2  
  114  7:11  Zealot x3  
  114  7:14  Photon Cannon  
  114  7:15  Archon  
  124  7:18  Photon Cannon  
  124  7:22  Probe  
  125  7:26  Photon Cannon  
  125  7:27  Shield Battery, Pylon  
  125  7:34  Pylon  
  125  7:35  Immortal  
  125  7:36  Probe, High Templar x2  
  125  7:37  Zealot x3  
  138  7:39  Protoss Ground Weapons Level 2  
  138  7:41  Archon  
  138  7:56  Pylon  
  133  7:59  Nexus  
  133  8:00  Pylon  
  133  8:02  Immortal  
  133  8:03  Assimilator  
  133  8:04  Assimilator  
  129  8:13  High Templar x2  
  129  8:14  Zealot  
  129  8:16  Probe  
  129  8:18  Pylon  
  136  8:28  High Templar x2, Zealot  
  136  8:39  Immortal  
  136  8:43  Probe  
  136  8:44  Immortal  
  135  8:49  Zealot x5  
  139  9:03  Nexus  
  139  9:05  Pylon  
  128  9:18  Immortal  
  128  9:24  High Templar x3  
  132  9:28  Probe  
  129  9:31  Probe x2  
  129  9:34  Probe  
  129  9:36  Probe  
  131  9:39  Pylon  
  131  9:40  Zealot x4  
  131  9:43  Pylon, Probe x2  
  131  9:44  Photon Cannon  
  131  9:45  Photon Cannon, Probe  
  141  9:46  Probe  
  141  9:47  Photon Cannon  
  141  9:49  Shield Battery  
  141  9:50  Shield Battery  
  132  9:55  Probe x2  
  132  9:58  Zealot x3  
  138  10:04  Zealot x4  
  139  10:14  Void Ray  
  139  10:20  Zealot  
  139  10:21  Zealot x2  
  123  10:30  Pylon  
  123  10:34  Probe  
  123  10:35  Probe x4, Observer  
  129  10:44  Zealot x7  
  129  10:46  Probe  
  129  10:47  Probe x4  
  148  10:52  Fleet Beacon  
  148  10:59  Observer  
  135  11:16  High Templar x8  
  140  11:19  Archon  
  140  11:20  Archon x3  
  140  11:24  Observer  
  123  11:51  Zealot x8  
  143  11:54  Assimilator  
  143  11:56  Assimilator x2  
  143  11:57  Gateway  
  143  12:01  Gateway  
  143  12:02  Photon Cannon  
  143  12:04  Photon Cannon  
  143  12:05  Photon Cannon  
  143  12:06  Shield Battery  
  131  12:14  Zealot x7  
  135  12:23  Photon Cannon  
  135  12:25  Pylon  
  132  12:35  Zealot x7  
  146  12:42  Nexus  
  136  12:56  Zealot x5  
Tags
 
Add a new tag
Caveats
  • Supply blocks, unpowered buildings, or Contaminate may cause inaccurate times.
  • Supply counts are checked every 10 seconds.